Map: [ESL] Oceanborn

Players

Oliveira - Winner!

  • Race: Terran Terran
  • Spawn Location: 11:00

LiquidClem (Clem)

  • Race: Terran Terran
  • League: Grandmaster
  • Spawn Location: 5:00

Event: Bellum Gens Elite Stara Zagora 2024

VOD

Have the link to the VOD?

Description

Time

  • Played on: Sept. 8, 2024, 1:04 p.m.
  • Length: 7:55

All games in this series

Show
View Real Time Build Order
Export as new Build Order

Oliveira Terran - Winner!

Build Orders:  

Get SALT Encoding   

  12  0:00  SCV  
  13  0:12  SCV  
  14  0:17  Supply Depot  
  14  0:24  SCV  
  15  0:39  SCV  
  15  0:41  Barracks  
  16  0:44  Refinery  
  16  0:51  SCV  
  16  0:53  Refinery  
  17  1:03  SCV  
  18  1:15  SCV  
  19  1:28  Orbital Command, Reaper  
  20  1:33  Supply Depot  
  20  1:42  Factory  
  20  1:53  SCV  
  21  2:01  Barracks Reactor  
  21  2:06  SCV  
  22  2:18  Command Center  
  22  2:20  SCV  
  23  2:27  Hellion  
  25  2:33  SCV  
  25  2:36  Supply Depot  
  26  2:37  Reaper  
  26  2:38  Reaper  
  28  2:45  SCV  
  28  2:49  Hellion  
  31  2:57  SCV  
  32  3:00  Starport  
  32  3:09  SCV, Reaper  
  32  3:10  Hellion  
  32  3:12  Reaper  
  37  3:22  SCV  
  38  3:30  Orbital Command  
  38  3:32  Cyclone  
  40  3:35  SCV  
  40  3:40  Medivac  
  43  3:41  Marine  
  43  3:44  Marine  
  43  3:48  SCV  
  46  3:51  Refinery  
  46  3:56  Supply Depot  
  46  3:59  Marine  
  46  4:02  Marine  
  46  4:08  Factory Tech Lab  
  46  4:09  SCV  
  42  4:11  SCV  
  43  4:17  Marine  
  43  4:19  Marine  
  43  4:22  SCV  
  44  4:26  Siege Tank  
  44  4:27  Starport Tech Lab, SCV  
  46  4:34  SCV, Marine  
  46  4:37  Marine  
  49  4:41  Command Center  
  49  4:42  SCV  
  49  4:45  Raven  
  52  4:47  Interference Matrix  
  52  4:51  SCV  
  53  4:55  Supply Depot  
  53  5:00  Siege Tank  
  53  5:01  Marine x2  
  53  5:03  SCV  
  57  5:14  SCV  
  57  5:16  SCV  
  57  5:19  Marine, Viking  
  58  5:26  SCV  
  59  5:30  SCV  
  59  5:33  Siege Tank  
  62  5:38  SCV  
  62  5:39  Marine  
  62  5:42  SCV  
  62  5:48  Marine  
  63  5:50  SCV  
  63  5:54  SCV  
  62  6:02  SCV  
  64  6:07  Orbital Command  
  64  6:10  SCV  
  67  6:11  Siege Tank  
  65  6:19  SCV  
  65  6:25  SCV  
  66  6:29  Barracks  
  66  6:32  SCV, Barracks  
  67  6:34  SCV  
  67  6:38  Supply Depot  
  67  6:39  Viking x2  
  72  6:40  Refinery  
  72  6:41  Marine  
  72  6:46  SCV x2  
  75  6:48  Orbital Command  
  75  6:49  Siege Tank  
  75  6:53  Supply Depot  
  78  6:58  Engineering Bay  
  78  6:59  SCV, Engineering Bay  
  78  7:00  SCV  
  80  7:02  Marine  
  81  7:10  Viking x2  
  81  7:14  SCV x2  
  87  7:16  SCV  
  87  7:20  Barracks Reactor  
  88  7:23  Marine  
  88  7:26  SCV  
  88  7:27  Barracks Reactor  
  93  7:30  SCV x2  
  93  7:33  Supply Depot  
Show
View Real Time Build Order
Export as new Build Order

LiquidClem Terran 

Build Orders:  

Get SALT Encoding   

  12  0:00  SCV  
  13  0:12  SCV  
  14  0:16  Supply Depot  
  14  0:24  SCV  
  15  0:38  SCV  
  15  0:40  Barracks  
  16  0:43  Refinery  
  16  0:50  SCV  
  16  0:52  Refinery  
  17  1:02  SCV  
  18  1:14  SCV  
  19  1:27  Orbital Command, Reaper  
  19  1:30  Supply Depot  
  20  1:39  Factory  
  20  1:52  SCV  
  21  1:59  Reaper  
  22  2:04  SCV  
  23  2:15  Command Center  
  23  2:17  SCV  
  24  2:23  Hellion  
  24  2:29  SCV  
  27  2:31  Barracks Reactor  
  27  2:37  Starport  
  27  2:41  SCV  
  28  2:45  Factory Tech Lab  
  28  2:48  Supply Depot  
  28  2:53  SCV  
  29  3:05  SCV  
  29  3:08  Marine  
  29  3:09  Marine  
  29  3:10  Siege Tank  
  35  3:14  Refinery  
  35  3:18  Medivac  
  37  3:21  SCV  
  38  3:28  Orbital Command  
  38  3:31  Marine  
  38  3:32  Marine  
  40  3:35  SCV  
  41  3:41  Supply Depot  
  41  3:46  Cyclone  
  43  3:49  SCV  
  44  3:55  Viking  
  44  4:00  SCV  
  44  4:01  SCV  
  45  4:05  Marine  
  43  4:12  SCV  
  43  4:13  SCV  
  43  4:14  Marine  
  45  4:21  Siege Tank  
  45  4:24  SCV  
  45  4:25  SCV  
  45  4:27  Liberator  
  50  4:32  Marine x2  
  50  4:37  Supply Depot  
  50  4:38  SCV x2  
  54  4:50  SCV  
  54  4:51  SCV  
  56  4:53  Siege Tank  
  56  4:57  Barracks Tech Lab  
  57  5:02  SCV  
  57  5:03  SCV  
  53  5:14  SCV  
  53  5:15  SCV  
  55  5:26  SCV  
  55  5:27  SCV  
  45  5:38  SCV, Siege Tank  
  45  5:39  SCV  
  45  5:50  SCV  
  45  5:51  SCV, Marine  
  45  5:53  Viking  
  49  6:02  SCV  
  49  6:03  SCV  
  49  6:09  Marine  
  49  6:14  SCV  
  49  6:15  SCV  
  52  6:27  SCV x2  
  52  6:31  Marine  
  55  6:36  Supply Depot  
  55  6:38  Siege Tank, Command Center  
  55  6:39  SCV x2  
  58  6:43  Supply Depot  
  58  6:47  Viking x2  
  58  6:51  SCV  
  58  6:52  SCV, Refinery  
  58  6:53  Marine  
  65  7:03  SCV  
  65  7:04  SCV  
  67  7:11  Supply Depot, Marine  
  67  7:15  SCV  
  69  7:16  SCV  
  69  7:18  Viking  
  72  7:22  Viking  
  72  7:27  SCV  
  72  7:28  SCV  
  76  7:31  Barracks  
  76  7:35  Barracks  
  79  7:39  SCV  
  79  7:41  SCV  
Tags
 
Add a new tag
Caveats
  • Supply blocks, unpowered buildings, or Contaminate may cause inaccurate times.
  • Supply counts are checked every 10 seconds.